[ AOE2 MATCH · #507219928 ]
UnrankedAztecs vs Turks
Player's team · WIN
Rival team · LOSS
[ REPLAY ANALYSIS · EXTRACTED FROM THE RECORDED GAME ]
Feudal
9:58
Castle
28:19
Imperial
—
| APM avg | 64.8 |
| APM peak | 110 |
| eAPM avg | 32.8 |
| Villagers / military | 49 / 56 |
Focus
⚔️ 40.6% · 🌾 59.4%
Spearman ×22 · Archer ×13 · Militia ×8 · Jaguar Warrior ×7 · Eagle Scout ×5 · Battering Ram ×1
Feudal
9:21
Castle
27:18
Imperial
—
| APM avg | 40.7 |
| APM peak | 92 |
| eAPM avg | 18.5 |
| Villagers / military | 68 / 20 |
Focus
⚔️ 25.1% · 🌾 74.9%
Scout Cavalry ×20
Match map
Initial resources + every placement click. Lines = walls · curves = elevation contours. ◆ gold · ⬟ stone · ● berries · ✦ relic · ◌ wall gap
Your base· Open — unwalled flank
Dr_Known's base· Open — unwalled flank
Smoothed initial terrain · ◌ = detected wall gap · hover for details
Inputs per minute
— Philippvs II - - Dr_Known
Build order — Philippvs II
First 150 of 190 actions detected
| 0:01 | Queue | Villager (Male) |
| 0:02 | Build | House |
| 0:04 | Build | House |
| 0:06 | Queue | Villager (Male) |
| 0:14 | Queue | Villager (Male) |
| 0:14 | Queue | Villager (Male) |
| 0:14 | Queue | Villager (Male) |
| 1:18 | Queue | Villager (Male) |
| 1:52 | Queue | Villager (Male) |
| 1:52 | Queue | Villager (Male) |
| 2:19 | Build | House |
| 2:29 | Build | Barracks |
| 2:44 | Queue | Villager (Male) |
| 2:45 | Queue | Villager (Male) |
| 2:57 | Build | House |
| 3:02 | Queue | Villager (Male) |
| 3:23 | Queue | Villager (Male) |
| 3:23 | Queue | Villager (Male) |
| 3:38 | Research | Loom |
| 3:41 | Queue | Militia |
| 4:00 | Queue | Militia |
| 4:01 | Queue | Militia |
| 4:18 | Queue | Militia |
| 4:18 | Queue | Militia |
| 4:27 | Queue | Villager (Male) |
| 4:53 | Queue | Villager (Male) |
| 5:09 | Queue | Militia |
| 5:22 | Queue | Villager (Male) |
| 5:49 | Queue | Villager (Male) |
| 6:07 | Build | Lumber Camp |
| 6:21 | Queue | Villager (Male) |
| 6:31 | Queue | Villager (Male) |
| 7:48 | Research | Feudal Age |
| 7:48 | Research | Feudal Age |
| 9:58 | Age | Feudal Age |
| 10:23 | Build | Palisade Gate |
| 10:25 | Build | House |
| 10:28 | Build | Palisade Gate |
| 10:41 | Build | Barracks |
| 10:49 | Build | Mill |
| 10:54 | Build | Palisade Wall |
| 11:17 | Build | Mining Camp |
| 11:18 | Queue | Villager (Male) |
| 11:23 | Queue | Spearman |
| 11:34 | Build | Palisade Wall |
| 11:36 | Build | Palisade Wall |
| 11:38 | Build | Palisade Wall |
| 11:52 | Queue | Spearman |
| 11:59 | Queue | Villager (Male) |
| 12:00 | Queue | Spearman |
| 12:04 | Build | House |
| 12:31 | Build | Archery Range |
| 12:43 | Queue | Villager (Male) |
| 13:05 | Build | Palisade Wall |
| 13:06 | Build | Palisade Wall |
| 13:08 | Build | Palisade Wall |
| 13:10 | Queue | Villager (Male) |
| 13:14 | Build | Farm |
| 13:22 | Queue | Eagle Scout |
| 13:41 | Build | Farm |
| 13:41 | Queue | Villager (Male) |
| 13:46 | Build | Palisade Wall |
| 13:53 | Build | Palisade Wall |
| 13:57 | Queue | Villager (Male) |
| 14:02 | Build | House |
| 14:03 | Build | House |
| 14:16 | Queue | Spearman |
| 14:24 | Build | Farm |
| 14:25 | Build | Farm |
| 14:26 | Queue | Villager (Male) |
| 14:32 | Queue | Archer |
| 14:35 | Queue | Spearman |
| 14:44 | Queue | Eagle Scout |
| 14:59 | Research | Man-at-Arms (upgrade) |
| 15:05 | Queue | Archer |
| 15:47 | Queue | Spearman |
| 15:48 | Queue | Archer |
| 16:09 | Build | Farm |
| 16:11 | Build | Farm |
| 16:12 | Build | Farm |
| 16:25 | Queue | Archer |
| 16:35 | Queue | Villager (Male) |
| 16:38 | Build | Farm |
| 16:42 | Build | Farm |
| 16:44 | Build | Farm |
| 16:45 | Queue | Villager (Male) |
| 16:49 | Queue | Villager (Male) |
| 16:53 | Build | Farm |
| 17:14 | Queue | Militia |
| 17:19 | Queue | Archer |
| 17:41 | Build | Watch Tower |
| 18:30 | Queue | Villager (Male) |
| 18:33 | Queue | Eagle Scout |
| 18:49 | Queue | Archer |
| 18:51 | Queue | Eagle Scout |
| 18:57 | Queue | Villager (Male) |
| 18:59 | Build | House |
| 19:05 | Queue | Villager (Male) |
| 19:07 | Build | Blacksmith |
| 19:16 | Queue | Spearman |
| 19:18 | Queue | Archer |
| 19:30 | Build | House |
| 19:31 | Build | Palisade Wall |
| 19:32 | Build | Palisade Wall |
| 19:34 | Build | Palisade Wall |
| 19:37 | Queue | Spearman |
| 19:48 | Build | Mining Camp |
| 19:51 | Queue | Villager (Male) |
| 19:52 | Research | Fletching |
| 19:53 | Research | Fletching |
| 19:56 | Queue | Spearman |
| 20:04 | Build | House |
| 20:17 | Queue | Archer |
| 20:22 | Build | House |
| 20:45 | Queue | Archer |
| 21:15 | Queue | Archer |
| 21:53 | Research | Padded Archer Armor |
| 22:09 | Queue | Archer |
| 22:37 | Queue | Villager (Male) |
| 22:39 | Build | Farm |
| 22:39 | Queue | Villager (Male) |
| 23:04 | Queue | Eagle Scout |
| 23:08 | Build | Outpost |
| 23:30 | Queue | Archer |
| 23:55 | Build | Outpost |
| 23:56 | Build | Farm |
| 23:58 | Build | Farm |
| 23:59 | Queue | Villager (Male) |
| 24:01 | Build | Lumber Camp |
| 24:05 | Build | Lumber Camp |
| 24:21 | Build | Market |
| 24:25 | Queue | Villager (Male) |
| 24:32 | Queue | Villager (Male) |
| 24:53 | Build | Farm |
| 24:56 | Queue | Villager (Male) |
| 25:20 | Build | House |
| 25:39 | Research | Castle Age |
| 25:39 | Research | Castle Age |
| 26:18 | Build | Outpost |
| 26:26 | Queue | Militia |
| 26:39 | Build | Farm |
| 26:40 | Build | Farm |
| 26:43 | Build | Farm |
| 26:44 | Build | Farm |
| 27:01 | Build | Outpost |
| 27:05 | Research | Horse Collar |
| 27:15 | Queue | Archer |
| 27:50 | Queue | Spearman |
| 27:50 | Queue | Spearman |
| 28:04 | Queue | Spearman |
Build order — Dr_Known
First 150 of 165 actions detected
| 0:00 | Queue | Villager (Male) |
| 0:01 | Queue | Villager (Male) |
| 0:01 | Queue | Villager (Male) |
| 0:01 | Queue | Villager (Male) |
| 0:03 | Build | House |
| 0:04 | Build | House |
| 1:38 | Queue | Villager (Male) |
| 2:05 | Queue | Villager (Male) |
| 2:05 | Queue | Villager (Male) |
| 2:28 | Build | Lumber Camp |
| 2:32 | Queue | Villager (Male) |
| 2:32 | Queue | Villager (Male) |
| 2:43 | Queue | Villager (Male) |
| 2:44 | Queue | Villager (Male) |
| 3:20 | Queue | Villager (Male) |
| 3:21 | Queue | Villager (Male) |
| 3:21 | Queue | Villager (Male) |
| 4:04 | Build | House |
| 4:13 | Queue | Villager (Male) |
| 4:13 | Queue | Villager (Male) |
| 4:13 | Queue | Villager (Male) |
| 4:40 | Build | Mill |
| 4:41 | Queue | Villager (Male) |
| 4:41 | Queue | Villager (Male) |
| 5:30 | Queue | Villager (Male) |
| 5:38 | Build | House |
| 5:48 | Build | House |
| 6:03 | Research | Loom |
| 6:05 | Queue | Villager (Male) |
| 6:05 | Research | Loom |
| 7:11 | Research | Feudal Age |
| 8:03 | Build | Barracks |
| 8:04 | Build | Palisade Wall |
| 8:11 | Build | Palisade Wall |
| 9:02 | Build | Palisade Wall |
| 9:06 | Build | Palisade Wall |
| 9:09 | Build | Palisade Wall |
| 9:21 | Age | Feudal Age |
| 9:41 | Build | Palisade Wall |
| 9:44 | Build | Palisade Wall |
| 9:57 | Build | Stable |
| 10:01 | Queue | Villager (Male) |
| 10:11 | Queue | Villager (Male) |
| 10:37 | Build | Lumber Camp |
| 10:43 | Queue | Scout Cavalry |
| 10:43 | Queue | Scout Cavalry |
| 11:15 | Queue | Scout Cavalry |
| 11:22 | Queue | Scout Cavalry |
| 11:42 | Queue | Scout Cavalry |
| 11:44 | Queue | Villager (Male) |
| 11:44 | Queue | Villager (Male) |
| 11:44 | Queue | Villager (Male) |
| 11:46 | Build | Farm |
| 11:46 | Build | Farm |
| 11:47 | Build | Farm |
| 11:47 | Build | Farm |
| 11:47 | Build | Farm |
| 11:52 | Build | House |
| 11:56 | Queue | Scout Cavalry |
| 12:19 | Build | Farm |
| 12:32 | Queue | Scout Cavalry |
| 12:40 | Build | Watch Tower |
| 12:48 | Build | House |
| 12:49 | Build | House |
| 13:00 | Research | Town Watch |
| 13:09 | Queue | Villager (Male) |
| 13:22 | Build | Farm |
| 13:23 | Build | Farm |
| 13:49 | Build | Farm |
| 13:49 | Build | Farm |
| 13:50 | Build | Farm |
| 13:57 | Queue | Villager (Male) |
| 14:00 | Build | Farm |
| 14:17 | Queue | Villager (Male) |
| 14:39 | Build | Farm |
| 14:40 | Build | Farm |
| 15:02 | Queue | Villager (Male) |
| 15:02 | Queue | Villager (Male) |
| 15:29 | Queue | Villager (Male) |
| 15:30 | Queue | Villager (Male) |
| 15:46 | Queue | Villager (Male) |
| 15:46 | Queue | Villager (Male) |
| 16:29 | Queue | Villager (Male) |
| 16:42 | Queue | Villager (Male) |
| 16:49 | Queue | Scout Cavalry |
| 17:10 | Build | Mining Camp |
| 17:12 | Queue | Scout Cavalry |
| 17:57 | Build | Lumber Camp |
| 18:07 | Queue | Villager (Male) |
| 18:20 | Queue | Villager (Male) |
| 19:01 | Queue | Villager (Male) |
| 19:13 | Queue | Scout Cavalry |
| 19:15 | Build | Farm |
| 19:20 | Build | Farm |
| 19:28 | Build | Lumber Camp |
| 19:31 | Queue | Villager (Male) |
| 19:39 | Build | Farm |
| 19:53 | Build | House |
| 19:54 | Build | House |
| 20:03 | Build | Palisade Wall |
| 20:11 | Queue | Villager (Male) |
| 20:12 | Queue | Villager (Male) |
| 20:34 | Build | Palisade Wall |
| 20:36 | Build | Palisade Wall |
| 20:42 | Queue | Villager (Male) |
| 20:53 | Build | Palisade Wall |
| 21:00 | Build | Mining Camp |
| 21:01 | Queue | Villager (Male) |
| 21:18 | Build | Palisade Wall |
| 21:29 | Queue | Villager (Male) |
| 21:47 | Queue | Scout Cavalry |
| 21:59 | Build | Farm |
| 22:01 | Build | Farm |
| 22:01 | Build | Farm |
| 22:40 | Build | Market |
| 22:46 | Queue | Villager (Male) |
| 23:27 | Build | Farm |
| 24:38 | Research | Castle Age |
| 25:46 | Queue | Scout Cavalry |
| 25:46 | Queue | Scout Cavalry |
| 25:48 | Queue | Scout Cavalry |
| 26:15 | Queue | Scout Cavalry |
| 26:17 | Build | Farm |
| 26:40 | Build | Blacksmith |
| 27:17 | Queue | Scout Cavalry |
| 27:18 | Age | Castle Age |
| 27:24 | Research | Forging |
| 27:26 | Build | Farm |
| 27:27 | Build | Farm |
| 27:55 | Queue | Scout Cavalry |
| 27:58 | Build | Mining Camp |
| 28:04 | Queue | Villager (Male) |
| 28:05 | Queue | Villager (Male) |
| 28:05 | Queue | Villager (Male) |
| 28:11 | Build | Farm |
| 28:25 | Queue | Scout Cavalry |
| 28:32 | Queue | Scout Cavalry |
| 28:47 | Queue | Villager (Male) |
| 29:04 | Queue | Villager (Male) |
| 29:04 | Queue | Villager (Male) |
| 29:05 | Queue | Villager (Male) |
| 29:09 | Queue | Villager (Male) |
| 29:19 | Build | House |
| 29:19 | Build | House |
| 29:20 | Build | House |
| 29:32 | Queue | Scout Cavalry |
| 29:35 | Build | House |
| 29:36 | Build | House |
| 29:36 | Build | House |
| 30:28 | Queue | Villager (Male) |
Match timeline
| 2:29 | Philippvs II · first_building Barracks |
| 8:03 | Dr_Known · first_building Barracks |
| 8:04 | Dr_Known · wall_segment Palisade Wall x1 |
| 8:11 | Dr_Known · wall_segment Palisade Wall x1 |
| 9:02 | Dr_Known · wall_segment Palisade Wall x1 |
| 9:06 | Dr_Known · wall_segment Palisade Wall x4 |
| 9:09 | Dr_Known · wall_segment Palisade Wall x7 |
| 9:21 | Dr_Known · age_up feudal |
| 9:41 | Dr_Known · wall_segment Palisade Wall x1 |
| 9:44 | Dr_Known · wall_segment Palisade Wall x1 |
| 9:57 | Dr_Known · first_building Stable |
| 9:58 | Philippvs II · age_up feudal |
| 10:54 | Philippvs II · wall_segment Palisade Wall x9 |
| 11:34 | Philippvs II · wall_segment Palisade Wall x1 |
| 11:36 | Philippvs II · wall_segment Palisade Wall x1 |
| 11:38 | Philippvs II · wall_segment Palisade Wall x1 |
| 12:31 | Philippvs II · first_building Archery Range |
| 13:05 | Philippvs II · wall_segment Palisade Wall x1 |
| 13:06 | Philippvs II · wall_segment Palisade Wall x1 |
| 13:08 | Philippvs II · wall_segment Palisade Wall x1 |
| 13:46 | Philippvs II · wall_segment Palisade Wall x1 |
| 13:53 | Philippvs II · wall_segment Palisade Wall x1 |
| 19:31 | Philippvs II · wall_segment Palisade Wall x3 |
| 19:32 | Philippvs II · wall_segment Palisade Wall x2 |
| 19:34 | Philippvs II · wall_segment Palisade Wall x1 |
| 20:03 | Dr_Known · wall_segment Palisade Wall x6 |
| 20:34 | Dr_Known · wall_segment Palisade Wall x1 |
| 20:36 | Dr_Known · wall_segment Palisade Wall x1 |
| 20:53 | Dr_Known · wall_segment Palisade Wall x1 |
| 21:18 | Dr_Known · wall_segment Palisade Wall x4 |
| 24:18 | Dr_Known · first_market_sell 100 wood |
| 25:30 | Philippvs II · first_market_buy 100 food |
| 27:18 | Dr_Known · age_up castle |
| 28:19 | Philippvs II · age_up castle |
| 30:43 | Dr_Known · first_market_buy 100 stone |
| 31:44 | Philippvs II · first_building Siege Workshop |
| 32:17 | Philippvs II · first_building Castle |
| 32:56 | Philippvs II · wall_segment Stone Wall x1 |
| 33:15 | Dr_Known · first_building Castle |
| 34:32 | Dr_Known · resign |
[ AI ANALYSIS · 1 CREDIT ]
What really happened in this match?
Wolo.gg analyzes every decision: build order, eco, micro, common mistakes by bracket. Personalized analysis on WhatsApp or Discord in 30 seconds.
Civ guide
Aztecs
Perfil
Jugador #5601832